 Dungeon Crawl Stone Soup version 0.28.0-43-g3370ac3207 (webtiles) character file.

Game seed: 15439389821033034756

48 themarg the Gusty (level 3, -1/19 HPs)
             Began as a Tengu Air Elementalist on Mar 1, 2022.
             Slain by a centaur zombie (3 damage)
             ... on level 3 of the Dungeon.
             The game lasted 00:04:52 (2087 turns).

themarg the Gusty (Tengu Air Elementalist)          Turns: 2087, Time: 00:04:52

Health: -1/19      AC:  2    Str:  8    XL:     3   Next: 72%
Magic:  1/7        EV: 12    Int: 17    God:
Gold:   93         SH:  0    Dex: 14    Spells: 3/6 levels left

rFire   . . .      SeeInvis .   b - +2 hand axe (venom)
rCold   . . .      Faith    .   (no shield)
rNeg    . . .      Spirit   .   a - +0 robe
rPois   .          Reflect  .   (helmet restricted)
rElec   .          Harm     .   (no cloak)
rCorr   .          Rampage  .   (no gloves)
Will    .....                   (boots unavailable)
Stlth   ++........              (no amulet)
HPRegen 0.06/turn               (no ring)
MPRegen 0.10/turn               (no ring)

@: very slightly contaminated
A: beak, talons 3
a: no special abilities


You were on level 3 of the Dungeon.
You visited 1 branch of the dungeon, and saw 3 of its levels.

You collected 93 gold pieces.

Inventory:

Hand Weapons
 b - a +2 hand axe of venom (weapon)
Armour
 a - a +0 robe (worn)
Jewellery
 g - a +6 ring of dexterity
 k - a ring of fire
 o - a +6 ring of strength
Wands
 l - a wand of polymorph (5)
Scrolls
 d - a scroll of enchant weapon {unknown}
 i - 2 scrolls of identify {unknown}
 m - a scroll of acquirement {unknown}
 n - 2 scrolls of teleportation {unknown}
Potions
 c - 3 potions of haste {unknown}
 e - 2 potions of lignification {unknown}
 f - a potion of magic {unknown}
 h - a potion of heal wounds {unknown}
 j - a potion of flight {unknown}


   Skills:
 + Level 2.7 Dodging
 + Level 2.6 Stealth
 + Level 2.3 Spellcasting
 + Level 2.3 Conjurations
 + Level 4.4 Air Magic


You had 3 spell levels left.
You knew the following spells:

 Your Spells              Type           Power      Damage    Failure   Level
a - Shock                 Conj/Air       52%        1d6       4%          1
b - Static Discharge      Conj/Air       13%        N/A       7%          2

Your spell library contained the following spells:

 Spells                   Type           Power      Damage    Failure   Level
 Swiftness                Air            17%        N/A       9%          3
 Dazzling Flash           Conj/Hex       12%        N/A       34%         3
 Airstrike                Air            8%         N/A       28%         4
 Iskenderun's Mystic Bla  Conj/Tloc      6%         2d4       75%         4
 Starburst                Conj/Fire      3%         6d3       100%        6


Dungeon Overview and Level Annotations

Branches:
Dungeon (3/15)

Altars:


Innate Abilities, Weirdness & Mutations

You have a beak for a mouth.
You have claws for feet.


Message History

Casting: Shock (safe; 4% risk of failure)
Confirm with . or Enter, or press ? or * to list all spells.
Aiming: Shock (safe; 4% risk of failure)
Press: ? - help, Shift-Dir - straight line, f/p - centaur zombie
Aim: a centaur zombie (lightly damaged, 100% to hit)
The zap hits the centaur zombie.
The centaur zombie is moderately damaged.
The centaur zombie hits you. The centaur zombie kicks you.
The centaur zombie barely misses you. The centaur zombie kicks you.
Casting: Shock (safe; 4% risk of failure)
Confirm with . or Enter, or press ? or * to list all spells.
The centaur zombie is struck by an arc of lightning.
The centaur zombie is heavily damaged.
You are struck by an arc of lightning.
The lightning grounds out.
The centaur zombie hits you. The centaur zombie kicks you.
You hit the centaur zombie. You claw the centaur zombie!
Your peck misses the centaur zombie.
The centaur zombie is severely damaged.
The centaur zombie hits you but does no damage.
The centaur zombie kicks you. The centaur zombie hits you.
* * * LOW HITPOINT WARNING * * *
The centaur zombie kicks you.
* * * LOW HITPOINT WARNING * * *
Your magical contamination has completely faded away.
The centaur zombie hits you.
* * * LOW HITPOINT WARNING * * *
The centaur zombie closely misses you.
There is a stone staircase leading up, spattered with blood here.
Casting: Static Discharge (safe; 7% risk of failure)
Confirm with . or Enter, or press ? or * to list all spells.
Aiming: Shock (safe; 4% risk of failure)
Press: ? - help, Shift-Dir - straight line, f/p - centaur zombie
Aim: a centaur zombie (severely damaged, 100% to hit)
You miscast Shock.
You are very lightly contaminated with residual magic.
Nothing appears to happen.
The centaur zombie barely misses you. x2
The centaur zombie completely misses you.
The centaur zombie closely misses you. The centaur zombie hits you.
You die...

.............#
...............#
...............#
..............#
#.#...#.##..###
####...#.#....(..#
.......#.......#.#
...........<.....#
........@###.....#
.........Z#......#
............##.#.#
......########.#.#
.....) #...# .....
##.## ..... ###
≈.≈. ....


You could see a centaur zombie.

Vanquished Creatures
  6 endoplasms
  3 giant cockroaches
  8 goblins
  3 hobgoblins
  3 jackals (D:1)
  2 quokkas (D:1)
  5 ball pythons
  4 bats
  2 frilled lizards (D:1)
  A kobold (D:2)
  4 rats
41 creatures vanquished.

Notes
Turn   | Place    | Note
-------+----------+-------------------------------------------
     0 | D:1      | themarg the Tengu Air Elementalist began the quest for the
                  | Orb.
     0 | D:1      | Reached XP level 1. HP: 10/10 MP: 4/4
   348 | D:1      | Reached XP level 2. HP: 15/15 MP: 0/6
   406 | D:1      | Learned a level 2 spell: Static Discharge
   876 | D:1      | Reached XP level 3. HP: 17/19 MP: 2/7
  1891 | D:2      | Found a faded altar of an unknown god.
  2087 | D:3      | Slain by a centaur zombie

Illustrated notes

Levels and vault maps discovered:
D:1:      lemuel_arrival_lava_pool, layout_basic, st_stairs_12,
          grunt_decor_arrowhead
D:2:      layout_rooms, chequers_ecumenical_altar_grove
D:3:      layout_rooms, grunt_ministairs_15, grunt_decor_clamped,
          chequers_serial_rivers_small_3

Skill      XL: |  1  2 |
---------------+-------+-----
Conjurations   | 2 |  2.3
Dodging        | |  2.7
Stealth        | |  2.6
Spellcasting   | |  2.3
Air Magic      | |  4.4

Action                   || total
-------------------------++-------
Melee: Hand axe          ||    12
       Unarmed           ||     2
       Peck              ||     2
       Kick              ||     2
 Cast: Shock             ||    61
       Static Discharge  ||     1
Armor: Robe              ||     6
Dodge: Dodged            ||    11
